SOB
MEXICO CITY CONQUISTADORS @ SAN JUAN PITORROS
01/11/1982
 
TOP OF THE 1ST
Mexico City Conquistadors batting - Pitching for San Juan Pitorros : RHP Alfredo Campos
Pitching: RHP Alfredo Campos
Batting: RHB Brad Komminsk 0-0: Called Strike
0-1: Ball
1-1: Ball
2-1: Ball
3-1: Fly out, F9 (Flyball, 9, EV 80.6 MPH)
Batting: RHB German Rivera 0-0: Ball
1-0: Fly out, F8 (Line Drive, 8LD, EV 92.5 MPH)
Batting: RHB Chris James 0-0: Ball
1-0: SINGLE (Groundball, 6MS, EV 61.3 MPH) (infield hit)
Batting: RHB George Gomez 0-0: Foul Ball, location: 2F
0-1: SINGLE (Flyball, 8RS, EV 93.1 MPH)
Chris James to second
Batting: LHB John Kruk 0-0: Ball
1-0: Fielders Choice at 2nd, 6-4 (Groundball, 6, EV 81.9 MPH)
Top of the 1st over - 0 runs, 2 hits, 0 errors, 2 left on base; Mexico City 0 - San Juan 0
BOTTOM OF THE 1ST
San Juan Pitorros batting - Pitching for Mexico City Conquistadors : RHP Bill Long
Pitching: RHP Bill Long
Batting: SHB Ozzie Smith 0-0: Called Strike
0-1: Fly out, F7 (Flyball, 7, EV 83.1 MPH)
Batting: RHB Rafael Ramirez 0-0: Fly out, F8 (Flyball, 8RD, EV 83.1 MPH)
Batting: RHB Tim Teufel 0-0: Ball
1-0: Ball
2-0: Ball
3-0: Called Strike
3-1: Foul Ball, location: 2F
3-2: Base on Balls
Batting: LHB Franklin Stubbs 0-0: Called Strike
0-1: Ball
1-1: Ball
2-1: Swinging Strike
2-2: Foul Ball, location: 2F
2-2: Foul Ball, location: 2F
2-2: Fly out, F9 (Flyball, 9LS, EV 75.0 MPH)
Bottom of the 1st over - 0 runs, 0 hits, 0 errors, 1 left on base; Mexico City 0 - San Juan 0
TOP OF THE 2ND
Mexico City Conquistadors batting - Pitching for San Juan Pitorros : RHP Alfredo Campos
Batting: RHB Mariano Duncan 0-0: Ball
1-0: Ball
2-0: Ball
3-0: Called Strike
3-1: Foul Ball, location: 2F
3-2: Foul Ball, location: 2F
3-2: Foul Ball, location: 2F
3-2: Foul Ball, location: 2F
3-2: Hit by Pitch
Batting: RHB Steve Liddle 0-0: Called Strike
0-1: Fly out, F7 (Flyball, 78D, EV 98.1 MPH)
Batting: RHB Jorge Villalobos 0-0: Called Strike
Mariano Duncan steals 2nd base
0-1: Ball
1-1: Fly out, F3 (Popup, 3F, EV 69.4 MPH)
Batting: RHB Jose Maldonado 0-0: Foul Ball, location: 2F
0-1: Ball
1-1: SINGLE (Flyball, 78S, EV 91.3 MPH)
Mariano Duncan to third
Runner from 3rd tries for Home, SAFE, throw by LF to home
Batting: RHB Brad Komminsk 0-0: Ball
1-0: Called Strike
1-1: Ball
2-1: Foul Ball, location: 2F
2-2: Fielders Choice at 2nd, 5-4 (Groundball, 5, EV 85.0 MPH)
Top of the 2nd over - 1 run, 1 hit, 0 errors, 1 left on base; Mexico City 1 - San Juan 0
BOTTOM OF THE 2ND
San Juan Pitorros batting - Pitching for Mexico City Conquistadors : RHP Bill Long
Batting: RHB Bob Hendershot 0-0: Called Strike
0-1: Ball
1-1: Foul Ball, location: 2F
1-2: Foul Ball, location: 2F
1-2: Strikes out swinging
Batting: SHB Kevin King 0-0: Called Strike
0-1: TRIPLE (Line Drive, 89XD, EV 102.5 MPH)
Batting: RHB Chris Brown 0-0: Ball
1-0: Foul Ball, location: 2F
1-1: Fly out, F8 (Line Drive, 8RD, EV 94.4 MPH)
Runner from 3rd tags up, SCORES, no throw by CF
Batting: RHB Brian Harper 0-0: Fly out, F4 (Flyball, 4D, EV 71.9 MPH)
Bottom of the 2nd over - 1 run, 1 hit, 0 errors, 0 left on base; Mexico City 1 - San Juan 1
TOP OF THE 3RD
Mexico City Conquistadors batting - Pitching for San Juan Pitorros : RHP Alfredo Campos
Batting: RHB German Rivera 0-0: Ball
1-0: Fly out, F7 (Flyball, 7D, EV 104.4 MPH)
Batting: RHB Chris James 0-0: Ball
1-0: Ball
2-0: SINGLE (Groundball, 6MD, EV 106.3 MPH)
Batting: RHB George Gomez 0-0: Called Strike
0-1: Foul Ball, location: 2F
0-2: Strikes out swinging
Batting: LHB John Kruk 0-0: Called Strike
0-1: Ball
Chris James is caught stealing 2nd base 2-6
Top of the 3rd over - 0 runs, 1 hit, 0 errors, 0 left on base; Mexico City 1 - San Juan 1
BOTTOM OF THE 3RD
San Juan Pitorros batting - Pitching for Mexico City Conquistadors : RHP Bill Long
Batting: LHB Pat Dodson 0-0: Called Strike
0-1: Ball
1-1: Swinging Strike
1-2: Strikes out swinging
Batting: SHB Ozzie Smith 0-0: Called Strike
0-1: Ground out 6-3 (Groundball, 56, EV 104.4 MPH)
Batting: RHB Rafael Ramirez 0-0: Ball
1-0: Ball
2-0: SINGLE (Line Drive, 7LS, EV 93.1 MPH)
Batting: RHB Tim Teufel 0-0: Ball
Rafael Ramirez steals 2nd base
1-0: Called Strike
1-1: Ball
2-1: Called Strike
2-2: SINGLE (Groundball, 34D, EV 108.1 MPH)
Rafael Ramirez to third
Runner from 3rd tries for Home, SAFE, throw by RF to home
Batting: LHB Franklin Stubbs 0-0: Called Strike
0-1: Swinging Strike
0-2: Ball
1-2: Foul Ball, location: 2F
1-2: Ball
2-2: Ball
3-2: SINGLE (Line Drive, 7S, EV 101.9 MPH)
Tim Teufel to second
Tim Teufel to third
Batting: RHB Bob Hendershot 0-0: Ball
1-0: Called Strike
1-1: Ball
2-1: Fly out, F9 (Flyball, 9, EV 87.5 MPH)
Bottom of the 3rd over - 1 run, 3 hits, 0 errors, 2 left on base; Mexico City 1 - San Juan 2
TOP OF THE 4TH
Mexico City Conquistadors batting - Pitching for San Juan Pitorros : RHP Alfredo Campos
Batting: LHB John Kruk 0-0: Called Strike
0-1: Ball
1-1: Ball
2-1: Called Strike
2-2: Strikes out looking
Batting: RHB Mariano Duncan 0-0: Ground out 6-3 (Groundball, 56, EV 90.0 MPH)
Batting: RHB Steve Liddle 0-0: Swinging Strike
0-1: Called Strike
0-2: Foul Ball, location: 2F
0-2: Strikes out looking
Top of the 4th over - 0 runs, 0 hits, 0 errors, 0 left on base; Mexico City 1 - San Juan 2
BOTTOM OF THE 4TH
San Juan Pitorros batting - Pitching for Mexico City Conquistadors : RHP Bill Long
Batting: SHB Kevin King 0-0: Called Strike
0-1: Foul Ball, location: 2F
0-2: Fly out, F9 (Flyball, 9, EV 82.5 MPH)
Batting: RHB Chris Brown 0-0: Called Strike
0-1: Ball
1-1: Foul Ball, location: 2F
1-2: DOUBLE (Line Drive, 78XD, EV 103.1 MPH)
Batting: RHB Brian Harper 0-0: Swinging Strike
0-1: Ball
Chris Brown steals 3rd base
1-1: DOUBLE (Line Drive, 78D, EV 106.9 MPH)
Chris Brown scores
Batting: LHB Pat Dodson 0-0: Ball
1-0: Ball
2-0: Called Strike
2-1: Called Strike
2-2: Foul Ball, location: 2F
2-2: Fly out, F8 (Flyball, 8LD, EV 78.8 MPH)
Batting: SHB Ozzie Smith 0-0: Ball
1-0: Ball
2-0: Ball
3-0: Called Strike
3-1: Base on Balls
Batting: RHB Rafael Ramirez 0-0: Ball
1-0: Ball
2-0: Foul Ball, location: 2F
2-1: Ground out 6-3 (Groundball, 56, EV 98.1 MPH)
Bottom of the 4th over - 1 run, 2 hits, 0 errors, 2 left on base; Mexico City 1 - San Juan 3
TOP OF THE 5TH
Mexico City Conquistadors batting - Pitching for San Juan Pitorros : RHP Alfredo Campos
Batting: RHB Jorge Villalobos 0-0: Fly out, F6 (Line Drive, 6, EV 68.1 MPH)
Batting: RHB Jose Maldonado 0-0: Ball
1-0: Ball
2-0: Swinging Strike
2-1: Ball
3-1: Called Strike
3-2: Foul Ball, location: 2F
3-2: Strikes out looking
Batting: RHB Brad Komminsk 0-0: Ball
1-0: Ball
2-0: Ball
3-0: Called Strike
3-1: Foul Ball, location: 2F
3-2: Ground out 5-3 (Groundball, 56, EV 97.5 MPH)
Top of the 5th over - 0 runs, 0 hits, 0 errors, 0 left on base; Mexico City 1 - San Juan 3
BOTTOM OF THE 5TH
San Juan Pitorros batting - Pitching for Mexico City Conquistadors : RHP Bill Long
Batting: RHB Tim Teufel 0-0: Called Strike
0-1: Ball
1-1: Ball
2-1: Foul Ball, location: 2F
2-2: Foul Ball, location: 2F
2-2: Ball
3-2: Foul Ball, location: 2F
3-2: Base on Balls
Batting: LHB Franklin Stubbs 0-0: 2-RUN HOME RUN (Flyball, 78XD, EV 93.1 MPH), Distance : 407 ft
Pitching: RHP Alex Orozco
Batting: RHB Bob Hendershot 0-0: Foul Ball, location: 2F
0-1: Ball
1-1: Swinging Strike
1-2: Strikes out looking
Batting: SHB Kevin King 0-0: Called Strike
0-1: Ball
1-1: Ball
2-1: Called Strike
2-2: SINGLE (Line Drive, 6MD, EV 97.5 MPH)
Batting: RHB Chris Brown 0-0: Ball
1-0: Ball
2-0: Swinging Strike
2-1: Swinging Strike
2-2: Strikes out swinging
Batting: RHB Brian Harper 0-0: Ground out 5-3 (Groundball, 56S, EV 65.6 MPH)
Bottom of the 5th over - 2 runs, 2 hits, 0 errors, 1 left on base; Mexico City 1 - San Juan 5
TOP OF THE 6TH
Mexico City Conquistadors batting - Pitching for San Juan Pitorros : RHP Alfredo Campos
Batting: RHB German Rivera 0-0: Ball
1-0: Ball
2-0: Foul Ball, location: 2F
2-1: Foul Ball, location: 2F
2-2: Strikes out swinging
Batting: RHB Chris James 0-0: Fly out, F8 (Line Drive, 8LM, EV 86.9 MPH)
Batting: RHB George Gomez 0-0: Ground out 4-3 (Groundball, 4M, EV 106.3 MPH)
Top of the 6th over - 0 runs, 0 hits, 0 errors, 0 left on base; Mexico City 1 - San Juan 5
BOTTOM OF THE 6TH
San Juan Pitorros batting - Pitching for Mexico City Conquistadors : RHP Alex Orozco
Batting: LHB Pat Dodson 0-0: Called Strike
0-1: Foul Ball, location: 2F
0-2: Ball
1-2: Foul Ball, location: 2F
1-2: Ball
2-2: Ball
3-2: Ground out 4-3 (Groundball, 4, EV 81.9 MPH)
Batting: SHB Ozzie Smith 0-0: Called Strike
0-1: Swinging Strike
0-2: SINGLE (Groundball, 34D, EV 101.3 MPH)
Batting: RHB Rafael Ramirez 0-0: Reached on error, E6 (Groundball, 6, EV 80.6 MPH)
Ozzie Smith to second
Batting: RHB Tim Teufel 0-0: Ball
1-0: Called Strike
1-1: Ball
2-1: Ball
3-1: Base on Balls
Ozzie Smith to third
Rafael Ramirez to second
Batting: LHB Franklin Stubbs 0-0: Called Strike
0-1: Ball
1-1: Ball
2-1: GRAND SLAM HOME RUN (Line Drive, 9D, EV 107.5 MPH), Distance : 370 ft
Batting: RHB Bob Hendershot 0-0: Called Strike
0-1: Ball
1-1: Called Strike
1-2: Ball
2-2: Ball
3-2: Foul Ball, location: 2F
3-2: Strikes out looking
Batting: SHB Kevin King 0-0: Swinging Strike
0-1: DOUBLE (Line Drive, 9LM, EV 110.6 MPH)
Batting: RHB Chris Brown 0-0: Called Strike
0-1: Foul Ball, location: 2F
0-2: Ground out 4-3 (Groundball, 4, EV 85.6 MPH)
Bottom of the 6th over - 4 runs, 3 hits, 1 error, 1 left on base; Mexico City 1 - San Juan 9
TOP OF THE 7TH
Mexico City Conquistadors batting - Pitching for San Juan Pitorros : RHP Alfredo Campos
Batting: LHB John Kruk 0-0: Ball
1-0: Foul Ball, location: 2F
1-1: SINGLE (Groundball, 6MD, EV 100.6 MPH)
Batting: RHB Mariano Duncan 0-0: Ball
1-0: Ball
2-0: Called Strike
2-1: SINGLE (Line Drive, 34D, EV 103.8 MPH)
John Kruk to second
Batting: RHB Steve Liddle 0-0: Ball
1-0: Called Strike
1-1: Grounds into double play, 6-4-3 (Groundball, 6, EV 86.3 MPH)
John Kruk to third
Batting: RHB Jorge Villalobos 0-0: Ground out 6-3 (Groundball, 6M, EV 82.5 MPH)
Top of the 7th over - 0 runs, 2 hits, 0 errors, 1 left on base; Mexico City 1 - San Juan 9
BOTTOM OF THE 7TH
San Juan Pitorros batting - Pitching for Mexico City Conquistadors : RHP Alex Orozco
Pitching: RHP Anthony Threatt
Batting: RHB Brian Harper 0-0: Ball
1-0: Called Strike
1-1: Swinging Strike
1-2: Ball
2-2: Foul Ball, location: 2F
2-2: SINGLE (Groundball, 4MD, EV 105.0 MPH)
Batting: LHB Pat Dodson 0-0: Called Strike
0-1: Called Strike
0-2: Ball
1-2: Strikes out swinging
Batting: SHB Ozzie Smith 0-0: Foul Ball, location: 2F
0-1: Ball
1-1: Fly out, F8 (Line Drive, 8RD, EV 89.4 MPH)
Batting: RHB Rafael Ramirez 0-0: Ball
1-0: Called Strike
1-1: Fly out, F8 (Line Drive, 8RD, EV 95.0 MPH)
Bottom of the 7th over - 0 runs, 1 hit, 0 errors, 1 left on base; Mexico City 1 - San Juan 9
TOP OF THE 8TH
Mexico City Conquistadors batting - Pitching for San Juan Pitorros : RHP Alfredo Campos
Batting: RHB Jose Maldonado 0-0: Foul Ball, location: 2F
0-1: Ball
1-1: Fly out, F8 (Flyball, 78D, EV 90.0 MPH)
Batting: RHB Brad Komminsk 0-0: Ball
1-0: Swinging Strike
1-1: Ball
2-1: Swinging Strike
2-2: Foul Ball, location: 2F
2-2: Foul Ball, location: 2F
2-2: Foul Ball, location: 2F
2-2: Fly out, F8 (Flyball, 8RM, EV 78.1 MPH)
Batting: RHB German Rivera 0-0: Called Strike
0-1: Ball
1-1: SINGLE (Line Drive, 9S, EV 86.9 MPH)
Batting: RHB Chris James 0-0: Ball
1-0: DOUBLE (Line Drive, 89D, EV 113.8 MPH)
German Rivera to third
Runner from 3rd tries for Home, SAFE, no throw by RF
Batting: RHB George Gomez 0-0: Called Strike
0-1: Ball
1-1: Foul Ball, location: 2F
1-2: Ball
2-2: Ground out 6-3 (Groundball, 6M, EV 90.0 MPH)
Top of the 8th over - 1 run, 2 hits, 0 errors, 1 left on base; Mexico City 2 - San Juan 9
BOTTOM OF THE 8TH
San Juan Pitorros batting - Pitching for Mexico City Conquistadors : RHP Anthony Threatt
Batting: RHB Tim Teufel 0-0: Ball
1-0: Ball
2-0: Foul Ball, location: 2F
2-1: Foul Ball, location: 2F
2-2: Strikes out looking
Pitching: RHP Salome Barojas
Batting: LHB Franklin Stubbs 0-0: Ball
1-0: Ball
2-0: Ball
3-0: Base on Balls
Batting: RHB Bob Hendershot 0-0: Ball
1-0: Ground out 6-3 (Groundball, 6S, EV 68.1 MPH)
Franklin Stubbs to second
Batting: SHB Kevin King 0-0: Foul Ball, location: 2F
0-1: Swinging Strike
0-2: Foul Ball, location: 2F
0-2: SINGLE (Flyball, 3D, EV 88.1 MPH)
Franklin Stubbs to third
Runner from 3rd tries for Home, SAFE, throw by RF to home
Kevin King to second
Batting: RHB Chris Brown 0-0: SINGLE (Groundball, 5L, EV 94.4 MPH)
Kevin King to third
Runner from 3rd tries for Home, SAFE, throw by LF to home
Batting: RHB Brian Harper 0-0: Ball
1-0: 2-RUN HOME RUN (Flyball, 7D, EV 95.0 MPH), Distance : 370 ft
Pitching: RHP Tom Barrett
Batting: LHB Pat Dodson 0-0: Called Strike
0-1: Swinging Strike
0-2: Ball
1-2: Strikes out swinging
Bottom of the 8th over - 4 runs, 3 hits, 0 errors, 0 left on base; Mexico City 2 - San Juan 13
TOP OF THE 9TH
Mexico City Conquistadors batting - Pitching for San Juan Pitorros : RHP Alfredo Campos
Batting: LHB John Kruk 0-0: Called Strike
0-1: Called Strike
0-2: Strikes out looking
Batting: RHB Mariano Duncan 0-0: Foul Ball, location: 2F
0-1: Ball
1-1: Ball
2-1: Ground out 5-3 (Groundball, 56, EV 80.0 MPH)
Batting: RHB Steve Liddle 0-0: Ball
1-0: Foul Ball, location: 2F
1-1: Ball
2-1: Ball
3-1: Ground out 2-3 (Groundball, 2L, EV 63.8 MPH)
Top of the 9th over - 0 runs, 0 hits, 0 errors, 0 left on base; Mexico City 2 - San Juan 13
Tuesday, July 7th, 2020 - OOTP Baseball 21.4 Build 63